 Dungeon Sprint DCSS version 0.26-a0-720-g2a1d101370 (webtiles) character file.

Game seed: 12836656488022483631

7 mhtbhm the Shield-Bearer (level 1, -4/22 HPs)
             Began as a Minotaur Fighter on Nov 2, 2020.
             Slain by a sky beast (5 damage)
             ... in the Dungeon (Sprint IX: "|||||||||||||||||||||||||||||").
             The game lasted 00:00:02 (43 turns).

mhtbhm the Shield-Bearer (Minotaur Fighter)           Turns: 43, Time: 00:00:03

Health: -4/22      AC:  7    Str: 20    XL:     1   Next: 91%
Magic:  0/0        EV:  7    Int:  5    God:
Gold:   0          SH:  9    Dex:  9    Spells: 0/0 levels left

rFire    . . .     SeeInvis .   a - +0 long sword
rCold    . . .     Faith    .   c - +0 kite shield
rNeg     . . .     Spirit   .   b - +0 scale mail
rPois    .         Reflect  .   (helmet restricted)
rElec    .         Harm     .   (no cloak)
rCorr    .         Rampage  .   (no gloves)
MR       .....     NoTele   +   (no boots)
Stlth    ..........             (no amulet)
HPRegen  0.07/turn              (no ring)
MPRegen  0.07/turn              (no ring)

@: no status effects
A: retaliatory headbutt, horns 2
a: no special abilities


You were in the Dungeon.
You visited 1 branch

Inventory:

Hand Weapons
 a - a +0 long sword (weapon)
Armour
 b - a +0 scale mail (worn)
 c - a +0 kite shield (worn)
Scrolls
 j - a scroll of blinking
Potions
 d - a potion of might
 e - a potion of curing
 f - a potion of heal wounds
 g - a potion of haste
 h - 2 potions of magic
 i - a potion of berserk rage


   Skills:
 + Level 4.4 Fighting
 + Level 2.8 Long Blades
 + Level 4.4 Armour
 + Level 4.4 Shields


You couldn't memorise any spells.
You didn't know any spells.
Your spell library was empty.

Dungeon Overview and Level Annotations

Branches:
Dungeon (1/1)

Altars:


Innate Abilities, Weirdness & Mutations

You reflexively headbutt those who attack you in melee.
You have a pair of horns on your head.


Message History

You block the sky beast's attack.
You hit the sky beast but do no damage.
The sky beast is almost dead.
The sky beast hits you. The sky beast shocks you.
You completely miss the sky beast.
The sky beast is almost dead.
The sky beast barely misses you.
You riposte.
You barely miss the sky beast.
The sky beast is almost dead.
The sky beast hits you. The sky beast shocks you.
* * * LOW HITPOINT WARNING * * *
You hit the sky beast.
You headbutt the sky beast, but do no damage.
The sky beast is almost dead.
The sky beast hits you but does no damage.
You hit the sky beast. Your headbutt misses the sky beast.
The sky beast is almost dead.
The sky beast hits you.
* * * LOW HITPOINT WARNING * * *
The sky beast shocks you.
You die... ▓▓▓▓▓▓▓▓▓▓▓▓▓▓▓▓▓▓ ▓<...†....@Y5BoZ.+ ▓▓▓▓▓▓▓▓▓▓▓▓▓▓▓▓▓▓

You could see a sky beast, a worker ant, an orc wizard, a white imp and a jackal zombie.

Vanquished Creatures
  A dart slug (D)
  A giant cockroach (D)
  A goblin (D)
  A hobgoblin (D)
  A bat (D)
5 creatures vanquished.

Notes
Turn   | Place    | Note
-------+----------+-------------------------------------------
     0 | D        | mhtbhm the Minotaur Fighter began the quest for the Orb.
     0 | D        | Reached XP level 1. HP: 19/19 MP: 0/0
    30 | D        | Noticed a sky beast
    30 | D        | Noticed a worker ant
    30 | D        | Noticed an orc wizard
    43 | D        | HP: 1/22 [sky beast (1)]
    43 | D        | Slain by a sky beast

Illustrated notes

Levels and vault maps discovered:
D:        linesprint [early_d, line_temple, items_1, d_10, items_2, lair_1,
          lair_end, items_3, orc_1, orc_end, items_4, d_15, swamp_1, shoals_1,
          snake_1, spider_1, d_20, vaults_1, items_5, swamp_end, shoals_end,
          snake_end, spider_end, vaults_end, d_27, items_6, zot_1, zot_end,
          crypt_end, forest_end, elf_end, slime_end, tomb_end, abyss_end,
          pan_hell_end]

Skill      XL: |  1 |
---------------+----+-----
Fighting       | 4 |  4.4
Armour         | 4 |  4.4
Shields        | 4 |  4.4
Long Blades    | |  2.8

Action                   || total
-------------------------++-------
Melee: Long sword        ||    33
       Headbutt          ||     3
Armor: Scale mail        ||    18
Dodge: Dodged            ||     8
Block: Kite shield       ||    18
       Rpst.: Long sword ||     2

Table legend: (Time is in decaauts)
 A = Elapsed time spent in this place.
 B = Non-inter-level travel time spent in this place.
 C = Inter-level travel time spent in this place.
 D = Time resting spent in this place.
 E = Time spent auto-exploring this place.
 F = Levels seen in this place.
 G = Mean time per level.
                   A        B        C        D        E       F      G
               +--------+--------+--------+--------+--------+-----+--------+
         Total |     54 |     54 |      0 |      0 |      3 |   1 |   54.0 |
       Dungeon |     54 |     54 |      0 |      0 |      3 |   1 |   54.0 |
               +--------+--------+--------+--------+--------+-----+--------+

Top non-repeatable levels by time:
       D: 54 daAuts
